Map: Base du roi Sejong EC

Players

Jeancharles

  • Race: Terran Terran
  • League: Gold
  • Spawn Location: 5:00

zidar - Winner!

  • Race: Zerg Zerg
  • League: Gold
  • Spawn Location: 11:00

VOD

Have the link to the VOD?

Description

Time

  • Played on: June 19, 2016, 12:02 p.m.
  • Length: 23:55
Show
View Real Time Build Order
Export as new Build Order

Jeancharles Terran 

Build Orders:  

Get SALT Encoding   

  12  0:01  SCV  
  13  0:13  SCV  
  14  0:19  Supply Depot  
  14  0:26  SCV  
  15  0:30  Refinery  
  15  0:40  SCV  
  16  0:48  Barracks  
  16  0:53  SCV  
  17  0:59  Refinery  
  17  1:05  SCV  
  18  1:17  SCV  
  19  1:29  SCV  
  20  1:38  Factory  
  20  1:44  Barracks Reactor  
  20  1:46  Supply Depot  
  20  1:49  Orbital Command  
  20  2:11  Barracks  
  20  2:15  SCV  
  21  2:21  Marine x2  
  23  2:23  Factory Tech Lab  
  23  2:30  SCV  
  23  2:35  Starport  
  24  2:42  SCV  
  25  2:46  Siege Tank  
  28  2:57  SCV  
  29  3:00  Barracks Tech Lab  
  29  3:25  Starport Reactor, Supply Depot  
  29  3:40  Marine x2  
  31  3:47  Siege Tank  
  34  3:50  Stimpack  
  34  4:02  Command Center  
  34  4:03  Supply Depot, Medivac  
  34  4:04  Medivac  
  38  4:26  SCV  
  39  4:36  Engineering Bay  
  40  4:38  SCV  
  40  4:47  Marine x3  
  43  5:00  Siege Tank  
  43  5:04  Supply Depot  
  43  5:05  Marine  
  47  5:09  Terran Infantry Weapons Level 1  
  47  5:13  Marine x2  
  49  5:26  Supply Depot  
  49  5:32  Siege Tank  
  52  5:44  Marine x3  
  55  6:01  Marine  
  55  6:02  Marine x2  
  58  6:14  SCV  
  59  6:19  Marine x2  
  59  6:20  Marine  
  62  6:27  SCV  
  62  6:31  Liberator x2  
  63  6:37  Marine x3  
  63  6:39  SCV  
  67  6:47  Siege Tank  
  67  6:51  SCV  
  67  6:53  Supply Depot  
  77  6:55  Marine  
  75  7:03  SCV  
  76  7:14  Combat Shield  
  76  7:15  SCV, Supply Depot  
  77  7:19  Siege Tank  
  80  7:27  Planetary Fortress, SCV  
  76  7:33  Marine x2  
  78  7:38  Supply Depot  
  78  7:48  Missile Turret  
  78  7:52  Missile Turret  
  78  7:54  SCV  
  79  8:00  Marine x3  
  79  8:04  Medivac x2  
  86  8:06  SCV  
  87  8:13  SCV  
  87  8:17  Refinery  
  87  8:18  Marine x3, SCV  
  87  8:19  Refinery  
  92  8:25  SCV  
  93  8:30  SCV  
  94  8:36  Marine x3  
  97  8:42  SCV  
  98  8:49  Medivac x2  
  102  9:04  Supply Depot  
  102  9:25  Marine x3  
  102  9:27  Supply Depot  
  102  9:30  Medivac x2  
  109  9:38  Supply Depot  
  109  9:40  Supply Depot  
  109  9:43  Marine, Liberator  
  110  9:48  Marine x2, Siege Tank  
  110  9:49  Supply Depot  
  115  10:01  Marine, Supply Depot  
  115  10:04  Supply Depot  
  115  10:06  Marine x2  
  121  10:11  Supply Depot  
  121  10:18  Marine  
  121  10:20  Siege Tank  
  125  10:24  Marine x2  
  127  10:33  Liberator x2  
  127  10:36  Marine  
  127  10:41  Marine x2  
  130  10:44  Barracks  
  130  10:49  Barracks  
  130  10:50  Barracks  
  130  10:52  Siege Tank  
  130  10:54  Marine  
  140  10:59  Marine x2  
  142  11:12  Marine  
  142  11:17  Marine x2  
  145  11:30  Marine  
  129  11:35  Marine x2  
  131  11:47  Marine  
  92  11:56  Marine x2  
  92  12:00  Barracks Reactor x2  
  88  12:02  Barracks Reactor  
  88  12:05  Marine  
  80  12:09  Missile Turret  
  80  12:14  Marine x2  
  82  12:17  Missile Turret  
  76  12:23  Marine  
  77  12:32  Marine x2  
  72  12:41  Marine  
  71  12:49  Marine  
  71  12:50  Marine  
  67  12:51  Marine x2  
  67  12:52  Marine x4  
  73  12:59  Marine  
  77  13:07  Marine x2  
  77  13:09  Marine x3  
  77  13:10  Marine x3  
  85  13:17  Marine  
  85  13:22  Siege Tank  
  85  13:25  Marine x2  
  88  13:27  Marine x4  
  88  13:28  Marine x2  
  94  13:34  Marine  
  94  13:39  Armory  
  95  13:43  Marine x2  
  95  13:45  Marine x5  
  95  13:46  Marine  
  103  13:52  Marine  
  104  14:01  Marine x2  
  106  14:03  Marine x6  
  112  14:10  Marine  
  113  14:18  Marine  
  113  14:19  Marine  
  113  14:20  Marine  
  113  14:21  Marine x5  
  121  14:28  Marine  
  122  14:36  Marine x2  
  124  14:38  Marine x2  
  124  14:39  Marine  
  127  14:47  Terran Infantry Weapons Level 2  
  127  14:51  Engineering Bay  
  127  14:52  Marine x4  
  131  14:54  Orbital Command  
  131  15:30  Terran Infantry Armor Level 1  
  131  15:31  Marine x6  
  131  15:32  Marine x3  
  140  15:36  Medivac  
  142  15:44  Thor  
  142  15:48  Marine  
  149  15:56  Marine x2  
  149  15:57  Marine x3  
  154  16:19  Supply Depot  
  154  16:25  Missile Turret  
  154  16:42  Supply Depot  
  154  16:47  Missile Turret  
  138  17:05  Supply Depot  
  134  17:09  Missile Turret  
  134  17:13  Marine x4  
  134  17:14  Marine x3  
  140  17:29  Thor  
  136  17:32  Marine x5  
  136  17:33  Marine  
  141  17:57  Medivac x2  
  145  18:00  Marine x6  
  145  18:01  Marine  
  145  18:03  Terran Infantry Armor Level 2  
  145  18:04  Terran Infantry Weapons Level 3  
  152  18:27  Medivac x2  
  156  18:34  Thor  
  162  18:57  Medivac x2  
  61  20:33  Marine x6  
  61  20:34  Marine x3  
  70  20:51  Marine  
  71  21:10  Marine x2  
  73  21:53  Marine x2  
  52  22:24  Marine x4  
  56  22:42  Marine  
Show
View Real Time Build Order
Export as new Build Order

zidar Zerg - Winner!

Build Orders: Hatch First, Muta Ling Bane 

Get SALT Encoding   

  12  0:01  Drone  
  13  0:11  Drone  
  14  0:17  Extractor, Drone  
  15  0:30  Overlord  
  15  0:33  Extractor  
  14  0:36  Extractor, Drone  
  16  0:55  Drone  
  17  0:58  Hatchery  
  17  0:59  Extractor  
  17  1:02  Drone  
  16  1:16  Spawning Pool  
  15  1:19  Drone  
  16  1:26  Drone  
  16  1:27  Drone  
  18  1:36  Overlord  
  18  1:41  Drone  
  19  2:03  Queen  
  19  2:07  Metabolic Boost  
  21  2:10  Queen  
  21  2:13  Drone  
  21  2:15  Zergling x2  
  25  2:18  Zergling x2  
  25  2:21  Zergling x2  
  27  2:37  Baneling Nest  
  27  2:40  Drone x3  
  29  2:50  Drone x3  
  32  2:58  Pneumatized Carapace  
  32  3:09  Zergling x6  
  35  3:20  Zergling x2  
  35  3:22  Overlord  
  35  3:23  Overlord  
  36  3:30  Extractor  
  35  3:51  Zergling x12  
  41  3:56  Drone  
  41  4:00  Drone  
  43  4:03  Zergling x10  
  43  4:07  Lair  
  48  4:24  Drone x3  
  51  4:31  Baneling x7  
  51  4:44  Drone  
  52  4:45  Overlord x3  
  52  4:46  Overlord x2  
  52  5:05  Drone x5  
  57  5:18  Spire  
  56  5:22  Centrifical Hooks  
  56  5:27  Drone x6  
  62  5:31  Extractor  
  58  5:36  Queen  
  48  6:05  Zergling x20  
  47  6:37  Mutalisk x3  
  52  6:46  Spawning Pool  
  49  7:16  Drone x6  
  55  7:46  Extractor  
  55  7:49  Zergling x2  
  55  7:50  Hatchery, Zergling x10  
  55  7:51  Queen  
  61  8:10  Hatchery  
  60  8:23  Drone x3  
  60  8:26  Drone x2  
  65  8:34  Zerg Flyer Weapons Level 1  
  65  8:36  Corruptor  
  65  8:37  Corruptor  
  65  8:40  Zergling x2  
  70  8:45  Queen  
  70  8:47  Overlord  
  72  8:52  Zergling x2  
  72  8:53  Zergling x6  
  76  9:13  Zergling x16  
  84  9:23  Drone x4  
  88  9:36  Baneling  
  88  9:37  Baneling x14  
  88  9:39  Zergling x12  
  94  9:48  Queen  
  94  9:50  Hatchery  
  94  9:51  Corruptor  
  94  9:52  Corruptor x3  
  103  10:05  Evolution Chamber  
  102  10:10  Drone  
  102  10:11  Evolution Chamber  
  102  10:14  Overlord  
  102  10:15  Overlord x3  
  102  10:16  Overlord  
  102  10:25  Baneling  
  102  10:26  Baneling x5  
  102  10:40  Zergling x32  
  118  10:53  Zergling x22  
  118  10:56  Baneling x3  
  118  10:57  Baneling x13  
  129  11:07  Corruptor  
  129  11:08  Corruptor x3  
  129  11:09  Corruptor  
  96  11:38  Zergling x2  
  96  11:39  Zergling x20  
  80  12:07  Queen  
  80  12:08  Queen  
  68  12:23  Zergling x30  
  64  13:00  Drone x13  
  64  13:01  Drone x3  
  80  13:07  Drone x4  
  84  13:25  Baneling Nest  
  83  13:33  Evolution Chamber  
  82  13:38  Evolution Chamber  
  81  13:47  Extractor, Drone x5  
  85  13:49  Queen  
  87  13:55  Zergling x2  
  87  13:56  Zergling x22  
  99  14:10  Baneling  
  99  14:11  Baneling x12  
  99  14:19  Zerg Flyer Weapons Level 2  
  99  14:23  Zerg Melee Weapons Level 1  
  99  14:24  Zerg Ground Armor Level 1  
  99  14:43  Drone  
  99  14:44  Drone x7  
  99  14:45  Drone x5  
  112  14:46  Drone x2  
  112  14:50  Extractor  
  113  14:53  Extractor  
  112  15:04  Extractor  
  112  15:07  Extractor  
  110  15:25  Drone x4  
  114  15:31  Zergling x34  
  114  15:32  Zergling x10  
  114  15:35  Baneling x5  
  136  15:36  Baneling  
  136  15:49  Drone  
  137  15:58  Drone x2  
  137  16:00  Drone x3  
  142  16:07  Overlord x6  
  142  16:08  Overseer  
  142  16:09  Overseer  
  142  16:10  Overseer  
  142  16:37  Zerg Ground Armor Level 2, Zerg Melee Weapons Level 2  
  142  16:39  Spawning Pool  
  124  16:53  Extractor  
  122  16:55  Zergling x2  
  122  16:56  Extractor, Zergling x32  
  122  16:59  Baneling x3  
  138  17:01  Baneling  
  138  17:45  Drone x11  
  138  17:49  Drone x5  
  138  17:50  Drone x2  
  134  18:27  Infestation Pit  
  133  18:55  Hatchery  
  132  19:04  Hive  
  132  19:21  Extractor  
  132  19:24  Overlord x3  
  113  20:00  Zergling x40  
  113  20:01  Zergling x24  
  128  20:40  Drone x3  
  131  20:52  Ultralisk Cavern, Zerg Ground Armor Level 3  
  131  20:53  Zerg Melee Weapons Level 3  
  130  21:02  Baneling x6  
  130  21:03  Baneling x10  
  130  21:07  Zergling x24  
  130  21:08  Zergling x12  
  148  21:11  Adrenal Glands  
  137  22:02  Hatchery  
  132  22:31  Baneling x8  
  132  22:32  Baneling x6  
  132  22:35  Zergling x22  
  132  22:36  Zergling x16  
Tags
 
Add a new tag
Caveats
  • Supply blocks, unpowered buildings, or Contaminate may cause inaccurate times.
  • Supply counts are checked every 10 seconds.